 Dungeon Crawl Stone Soup version 0.31.0-1-g2c135a008e (webtiles) character file.

Game seed: 3769358089856129968

135 qw the Shooter (level 5, -2/40 HPs)
             Began as a Djinni Hunter on Jan 24, 2024.
             Slain by a lemure (7 damage)
             ... led by Pikel
             ... on level 4 of the Dungeon.
             The game lasted 00:00:07 (2250 turns).

qw the Shooter (Djinni Hunter)                      Turns: 2250, Time: 00:00:08

Health: -2/40      AC:  6    Str: 10    XL:     5   Next: 41%
Gold:   139        EV: 11    Int: 10    God:
                   SH:  0    Dex: 19

rFire   + + .        a - +0 shortbow (heavy)
rCold   x . .        (shield currently unavailable)
rNeg    . . .        i - +0 ring mail
rPois   inf          (no helmet)
rElec   .            (no cloak)
rCorr   .            d - +0 pair of gloves
SInv    .            (boots unavailable)
Will    .....        (no amulet)
Stlth   +            (no ring)
HPRegen 0.26/turn    (no ring)
MPRegen 0.00/turn

%: infuse magic (-3 HP)
@: flying
A: sickness immunity, fire resistance 2, cold vulnerability 1, float, innate
caster, HP casting, extra vitality 1
a: no special abilities


You were on level 4 of the Dungeon.
You visited 1 branch of the dungeon, and saw 4 of its levels.

You collected 139 gold pieces.


Innate Abilities, Weirdness & Mutations

You are immune to sickness and miasma.
You are immune to poison.
Your flesh is very heat resistant. (rF++)
You are vulnerable to cold. (rC-)
You float through the air rather than walking.
You learn spells naturally, not from books.
Your magical power is your life essence.
You have superior vitality. (+4 MHP)


   Skills:
 - Level 3.2 Fighting
 + Level 4.5 Ranged Weapons
 - Level 1.2 Armour
 - Level 2.1 Dodging
 - Level 0.7 Stealth


You knew the following spells:

 Your Spells              Type           Power      Damage    Failure   Level
a - Freeze                Ice            0%         1d3       67%         1
b - Ensorcelled Hibernat  Hex/Ice        0%         N/A       82%         2
Your spell library was empty.

Inventory:

Hand Weapons
 a - a +0 heavy shortbow (weapon)
Armour
 d - a +0 pair of gloves (worn)
 i - a +0 ring mail (worn)
Potions
 b - a potion of might
 c - 2 potions of curing
 e - a potion of enlightenment
 f - a potion of brilliance {unknown}
 k - a potion of resistance {unknown}

Dungeon Overview and Level Annotations

Branches:
Dungeon (4/15)
 Temple: D:4-7

Altars:
Zin

Shops:
D:2 (

Annotations:
D:4 Pikel


Message History

You see here a potion of might.
2240 ||| RETREEEEATING.
You shoot an arrow. The arrow closely misses the lemure.
Pikel, Merchant of Souls comes into view.
He is wielding a +1 whip of flaming.
You shoot an arrow. The arrow closely misses the lemure.
The arrow barely misses Pikel.
Pikel says, "Don't tell anyone, but I think Ereshkigal likes me."
You shoot an arrow. The arrow closely misses the lemure.
The arrow barely misses the lemure.
The arrow hits Pikel but does no damage.
A lemure comes into view.
You shoot an arrow. The arrow hits the lemure!
The lemure is moderately wounded.
Pikel says, "All the lords of Hell know my name!"
The lemure hits you.
You shoot an arrow. The arrow closely misses the lemure.
The arrow hits the lemure but does no damage.
The lemure barely misses you. x3
You shoot an arrow. The arrow hits the lemure.
The lemure is heavily wounded.
The lemure barely misses you. Pikel hits you but does no damage.
The lemure hits you.
Pikel hits you with a +1 whip of flaming.
Pikel burns you.
You shoot an arrow. The arrow closely misses the lemure. x2
The lemure hits you. Pikel completely misses you. The lemure hits you.
Pikel says, "You'll rust in Dis!"
Pikel hits you with a +1 whip of flaming.
You shoot an arrow. The arrow barely misses the lemure. x2
The lemure hits you. Pikel misses you. The lemure hits you but does no damage.
Pikel hits you with a +1 whip of flaming.
You shoot an arrow.
The arrow hits the lemure but does no damage.
The lemure is moderately wounded.
The lemure misses you. Pikel barely misses you. The lemure closely misses you.
Pikel hits you with a +1 whip of flaming.
You shoot an arrow. The arrow hits the lemure!
The lemure is almost dead.
The lemure hits you!
You die...

## ......... .
......... .
##........ #.
#......... #.#
#.........
#..##.<.......
#..5.........
###K5[.......
#.@55.......#
#.##.......##
... ..........
...#.
##.#######
....... #.$
.... .. ###
... ... ...
...


You could see Pikel and 4 lemures.

Vanquished Creatures
  An orc priest (D:3)
  A sleepcap (D:3)
  2 adders (D:2)
  A dart slug (D:3)
  2 ribbon worms (D:2)
  5 orcs (D:3)
  2 ball pythons
  5 bats
  4 endoplasms
  A giant cockroach (D:3)
  5 goblins
  5 hobgoblins
  2 jackals (D:2)
  A quokka (D:1)
  A frilled lizard (D:3)
  5 kobolds
  4 rats
47 creatures vanquished.

Notes
Turn   | Place    | Note
-------+----------+-------------------------------------------
     0 | D:1      | qw the Djinni Hunter began the quest for the Orb.
     0 | D:1      | Reached XP level 1. HP: 18/18 MP: 0/0
     0 | D:1      | 0 ||| qw: Version: 0.3-a-136-gdd3b4e8
     0 | D:1      | 0 ||| qw: Game counter: 1359
     0 | D:1      | 0 ||| qw: Melee chars always use a shield: true
     0 | D:1      | 0 ||| qw: God list: Okawaru
     0 | D:1      | 0 ||| qw: Allow faded altars: false
     0 | D:1      | 0 ||| qw: Do Orc after clearing Dungeon:15 true
     0 | D:1      | 0 ||| qw: Do second Lair branch before Depths: true
     0 | D:1      | 0 ||| qw: Lair rune preference: random
     0 | D:1      | 0 ||| qw: Goals: Normal
     0 | D:1      | 0 ||| PLANNING D:1-11
   165 | D:1      | Reached XP level 2. HP: 23/23 MP: 0/0
   664 | D:1      | 664 ||| UPGRADING to +0 pair of gloves.
   669 | D:1      | 669 ||| UPGRADING to +0 ring mail.
   679 | D:1      | 679 ||| DROPPING +0 leather armour.
   680 | D:1      | 680 ||| READING 3 scrolls labelled ZAEPHOO XISYL.
   681 | D:1      | 681 ||| READING scroll labelled JEEJ BEASHRYQE.
   681 | D:1      | 681 ||| IDENTIFYING viscous cyan potion
   682 | D:1      | 682 ||| READING scroll labelled ZIZXUFF UGOAKH.
   682 | D:1      | 682 ||| BRANDING +0 shortbow.
   683 | D:1      | 683 ||| DROPPING scroll of butterflies.
   684 | D:1      | 684 ||| DROPPING 2 scrolls of amnesia.
   785 | D:2      | Reached skill level 1 in Armour
   785 | D:2      | Reached XP level 3. HP: 27/28 MP: 0/0
   785 | D:2      | Learned a level 1 spell: Freeze
   920 | D:2      | Reached skill level 4 in Ranged Weapons
   971 | D:2      | Found a glowing silver altar of Zin.
  1156 | D:2      | Found Tuphanko's Antique Weapon Boutique.
  1382 | D:2      | 1382 ||| DROPPING scarf of harm.
  1383 | D:2      | 1383 ||| READING 4 scrolls of identify.
  1383 | D:2      | 1383 ||| IDENTIFYING glowing pink potion
  1384 | D:2      | 1384 ||| READING 3 scrolls of identify.
  1384 | D:2      | 1384 ||| IDENTIFYING 2 orange potions
  1385 | D:2      | 1385 ||| READING 2 scrolls of identify.
  1385 | D:2      | 1385 ||| IDENTIFYING scroll labelled DOANYR RUMO
  1386 | D:2      | 1386 ||| READING scroll of identify.
  1386 | D:2      | 1386 ||| IDENTIFYING scroll labelled UCYUN RULYFU
  1387 | D:2      | 1387 ||| DROPPING scroll of vulnerability.
  1388 | D:2      | 1388 ||| DROPPING scroll of fog.
  1411 | D:3      | Reached XP level 4. HP: 33/33 MP: 0/0
  1641 | D:3      | Reached skill level 3 in Fighting
  1836 | D:3      | Reached XP level 5. HP: 40/40 MP: 0/0
  1836 | D:3      | Learned a level 2 spell: Ensorcelled Hibernation
  2219 | D:3      | 2219 ||| READING scroll labelled PENYF WAIN.
  2220 | D:3      | 2220 ||| READING scroll labelled WIREECYL XITIP.
  2221 | D:3      | 2221 ||| READING scroll labelled VEMUAM RIETU.
  2237 | D:4      | Noticed a lemure
  2237 | D:4      | Noticed a lemure
  2237 | D:4      | Noticed a lemure
  2238 | D:4      | 2238 ||| RETREEEEATING.
  2239 | D:4      | 2239 ||| RETREEEEATING.
  2240 | D:4      | 2240 ||| RETREEEEATING.
  2241 | D:4      | Noticed Pikel
  2243 | D:4      | Noticed a lemure
  2248 | D:4      | HP: 9/40 [lemure[Pikel] (4)]
  2250 | D:4      | Slain by a lemure

Levels and vault maps discovered:
D:1:      dpeg_arrival_short_road, layout_basic
D:2:      layout_loops_ring, serial_shops, shop, basic_altar
D:3:      layout_basic, corexii_hall_statues_x, chequers_serial_rivers_micro_a,
          st_stairs_2
D:4:      layout_rooms, mainiacjoe_overflow_catwalk, uniq_pikel, uniq_duvessa,
          uniq_edmund

Skill      XL: |  1  2  3  4 |
---------------+-------------+-----
Armour         | 1 |  1.2
Ranged Weapons | 4 |  4.5
Fighting       | 3 |  3.2
Dodging        | |  2.1
Stealth        | |  0.7

Action                     |  1- 3 |  4- 6 || total
---------------------------+-------+-------++-------
   Fire: Shortbow          |    59 |    66 ||   125
    Use: Scroll            |     7 |     3 ||    10
 Armour: Leather armour    |     1 |       ||     1
         Ring mail         |    12 |    35 ||    47
  Dodge: Dodged            |    16 |    26 ||    42

Table legend:
 A = Non-vault XP
 B = Vault XP
 C = Vault XP percentage of total XP
 D = Non-vault monster count
 E = Vault monster count
 F = Vault count percentage of total count
                 A         B        C        D         E       F
            +---------+---------+-------+---------+---------+-------
      Total |     186 |       7 |   3.6 |      44 |       3 |   6.4
            +---------+---------+-------+---------+---------+-------
        D:1 |      15 |       0 |   0.0 |       9 |       0 |   0.0
        D:2 |      53 |       0 |   0.0 |      15 |       0 |   0.0
        D:3 |     118 |       7 |   5.6 |      20 |       3 |  13.0
            +---------+---------+-------+---------+---------+-------
